[Event "44th Chess Olympiad Open 2022"]
[Site "Chennai"]
[Date "2022.08.05"]
[Round "7.69"]
[White "Shawabke Ziyad"]
[Black "Gajadin, Dewperkash"]
[Result "0-1"]
[ECO "E61"]
[WhiteElo "1786"]
[BlackElo "1990"]
[Annotator "TA"]
[PlyCount "176"]
[EventDate "2022.07.29"]
[EventType "team-tourn"]
[EventCountry "IND"]
[SourceTitle "playchess.com"]
[Source "ChessBase"]
[SourceQuality "1"]
[WhiteTeam "Palestine"]
[BlackTeam "Surinam"]
[WhiteTeamCountry "PLE"]
[BlackTeamCountry "SUR"]
[TimeControl "40/5400+30:1800+30"]

1. c4 c5 2. Nf3 Nf6 3. Nc3 b6 4. e3 g6 5. d4 cxd4 6. exd4 Bg7 7. Be2 O-O 8. O-O Bb7 9. d5 d6 10. h3 Nbd7 {[%emt 0:05:07] E61: King's Indian: Early deviations for White, including Smyslov System.} 11. Be3 Rc8 12. Rc1 Nc5 {[%emt 0:04:38] [#] White is slightly better.} 13. b3 $146 ({Predecessor:} 13. Nd4 a6 14. Bf3 Qc7 15. Qd2 Rfe8 16. Rfd1 e5 17. dxe6 fxe6 18. Bxb7 Nxb7 19. b3 {1-0 (41) Burlai,O (2376)-Zherebukh,Y (2005) Alushta 2004}) 13... Re8 14. Re1 a6 15. Bf4 (15. Ng5 $14 {is more appropriate.}) 15... Nfe4 (15... e6 $11 {feels stronger.}) 16. Nxe4 $14 Nxe4 17. Bf1 Nf6 18. Qd2 Nh5 19. Bh6 Bh8 20. Nd4 (20. Ng5 {feels hotter.} Bg7 21. Bxg7 Nxg7 22. Rcd1) 20... Qd7 21. g4 Ng7 (21... Nf6 $14) 22. Bg2 e5 23. dxe6 Nxe6 24. Bxb7 Nxd4 25. Bg2 Rxe1+ 26. Rxe1 Re8 (26... b5 $142) 27. Be3 {[%emt 0:00:29] This bishop pair is nice.} (27. Rd1 $142 $1) 27... Qc7 $16 28. Rd1 Ne6 29. Qd5 ({Don't blunder} 29. Qxd6 $2 Rd8 30. Qd5 Rxd5 $19) 29... Be5 30. Qb7 Qxb7 31. Bxb7 Nc5 ({Black should try} 31... Rb8 $14 32. Bc6 (32. Bxa6 Ra8 $14) 32... Nf4) 32. Bg2 Rd8 33. f4 Bc3 34. Kf2 a5 35. Bd4 (35. Bc6 $16) 35... Bxd4+ $11 36. Rxd4 {[%emt 0:00:03][%mdl 4096] Endgame KRB-KRN} Ne6 37. Re4 Kg7 38. f5 gxf5 39. gxf5 Nc5 40. Rd4 Kf6 41. Rd5 Ke7 42. h4 f6 43. Rd4 Rg8 44. Bf3 Nd7 45. Rg4 Rxg4 46. Bxg4 {[%emt 0:00:00] KB-KN} Ne5 47. Be2 Kd7 48. Ke3 Kc6 49. Kd4 Kd7 50. a3 Nc6+ 51. Ke4 Ne7 52. Bf3 d5+ 53. cxd5 Kd6 54. Kf4 Nxd5+ 55. Ke4 Kc5 {[%emt 0:00:00] aiming for ...Nc3+.} 56. Kd3 {[%emt 0:00:00] Against Nc3} Ne7 (56... Nc7 $5 ) 57. Ke4 b5 58. Bd1 $2 (58. Bh5 $11) 58... Nd5 $2 (58... b4 $19 59. a4 Nc8) 59. Kd3 $2 (59. Bh5 $11 {and White has nothing to worry.}) 59... Nf4+ 60. Ke4 Nd5 {[%emt 0:00:00] Against b4+. ...Nc3+ is the strong threat.} 61. Kd3 {[%emt 0:00:00] Prevents Nc3.} Ne7 62. Ke4 Nc6 $2 (62... b4 $19 63. a4 Nc8) 63. Kf4 $2 {[%emt 0:00:00] [#]} (63. Bh5 $11 {and White stays safe.}) 63... Ne5 $2 ({Black should play} 63... b4 $1 $19 64. axb4+ Kxb4) 64. Ke4 h6 65. Be2 Nc6 66. Bd1 b4 67. a4 Nd4 68. h5 Nc6 {[%emt 0:00:32] Threatens to win with ...Nd4.} 69. Be2 $1 Ne5 {[%emt 0:00:25] Hoping for ...Nf7.} 70. Bf1 $2 {[%emt 0:00:00][%mdl 8192] [#]} (70. Ke3 $11) 70... Nf7 $1 $19 71. Bc4 Nd6+ 72. Kd3 (72. Kf3 $142) 72... Nxc4 73. bxc4 {[%emt 0:00:00] KP-KP} b3 74. Kc3 b2 $1 75. Kxb2 Kxc4 {K3P-K3P} 76. Ka3 Kc3 77. Ka2 {[%emt 0:00:09] Loses the game.} Kb4 78. Kb2 Kxa4 {[%emt 0:00:09] K3P-KPP} 79. Kc3 Kb5 80. Kb3 Kc5 81. Ka4 Kd5 82. Kxa5 {[%emt 0:00:20] KPP-KPP} Ke5 {[%emt 0:01:24] Black mates.} 83. Kb4 Kxf5 84. Kc4 Kg4 85. Kd4 f5 86. Ke3 Kg3 87. Ke2 f4 88. Kf1 Kf3 {[%emt 0:06:48] Weighted Error Value: White=0.32/Black=0.17 (very precise)} 0-1

[Event "44th Chess Olympiad Open 2022"]
[Site "Chennai"]
[Date "2022.08.05"]
[Round "7.70"]
[White "Alhassadi, Yousef A."]
[Black "Cisse, Amadou Lamine"]
[Result "1-0"]
[ECO "B22"]
[WhiteElo "2068"]
[BlackElo "2005"]
[Annotator "TA"]
[PlyCount "31"]
[EventDate "2022.07.29"]
[EventType "team-tourn"]
[EventCountry "IND"]
[SourceTitle "playchess.com"]
[Source "ChessBase"]
[SourceQuality "1"]
[WhiteTeam "Libya"]
[BlackTeam "Senegal"]
[WhiteTeamCountry "LBY"]
[BlackTeamCountry "SEN"]
[TimeControl "40/5400+30:1800+30"]

1. e4 c5 2. c3 d5 3. exd5 Qxd5 4. Nf3 Nc6 5. Na3 Nf6 6. Bc4 {[%emt 0:03:27] B22: Sicilian: 2 c3.} Qe4+ 7. Be2 $1 Bg4 8. d3 {[%emt 0:02:36] White is slightly better.} Qd5 9. Nc4 {[%emt 0:02:07] [#]} Bh5 $146 ({Predecessor:} 9... Qd7 10. O-O e6 11. Qb3 Qc7 12. Bf4 Qxf4 13. Qxb7 Rd8 14. Qxc6+ Nd7 15. Rfe1 Bxf3 16. Bxf3 {1-0 (24) Pap,M (2384)-Vucinic,G (2349) Vrnjacka Banja 2021}) 10. Qb3 O-O-O 11. O-O h6 (11... e5 $142) 12. Bf4 $16 {[%emt 0:12:10] Threatens to win with Bg3. White is more active.} g5 (12... Ne8 $16 {keeps fighting.}) 13. Bg3 $18 {[%emt 0:00:11] Hoping for Qa3.} Bg4 $2 (13... Ne8) 14. Qa4 {[%emt 0:04:51][%cal Oa4a7] aiming for Qxa7!} ({Less strong is} 14. Qb6 Rd6 $18) (14. h3 Be6 15. Nfe5 (15. Qb6 Rd7 $16) 15... Nxe5 $18) 14... Bd7 {[%emt 0:04:55] [#]} (14... Nd7 $18 15. Ne3 Qe6) 15. Qxa7 $3 e5 (15... Qd6 16. Qa4) 16. Nb6+ {[%emt 0:00:23] White took control after the opening.  Weighted Error Value: White=0.04 (flawless) /Black=1.07} 1-0

[Event "44th Chess Olympiad Open 2022"]
[Site "Chennai"]
[Date "2022.08.05"]
[Round "7.70"]
[White "Abugenda, Nagi"]
[Black "Wane, Al Hassane"]
[Result "1-0"]
[ECO "C56"]
[WhiteElo "1991"]
[BlackElo "1750"]
[Annotator "TA"]
[PlyCount "91"]
[EventDate "2022.07.29"]
[EventType "team-tourn"]
[EventCountry "IND"]
[SourceTitle "playchess.com"]
[Source "ChessBase"]
[SourceQuality "1"]
[WhiteTeam "Libya"]
[BlackTeam "Senegal"]
[WhiteTeamCountry "LBY"]
[BlackTeamCountry "SEN"]
[TimeControl "40/5400+30:1800+30"]

1. e4 Nc6 2. Nf3 e5 3. Bc4 Be7 4. d4 exd4 5. O-O Nf6 6. e5 Ne4 7. Re1 d5 8. Bb5 {[%emt 0:00:08] C56: Two Knights: 4 d4 exd4 5 0-0 Nxe4.} (8. exd6 $5 Nxd6 9. Bd5 $11) 8... O-O {[%emt 0:00:24] Threatening ...Bg4.} 9. Bxc6 bxc6 10. Nxd4 {[%emt 0:00:27] Black has an edge.} Qe8 {[%emt 0:03:03] [#]} 11. f3 $146 ({Predecessor:} 11. c3 a5 12. a4 c5 13. Nb5 Qc6 14. c4 d4 15. Nxc7 Qxc7 16. Rxe4 Bb7 17. Re2 {1-0 (48) Cristofari,A-Savy,L (1960) Montpellier 1997}) 11... Ng5 12. f4 Ne4 13. Be3 c5 (13... f6 {seems wilder.} 14. Nd2 fxe5 15. fxe5 Bh4) 14. Nb3 c6 (14... Qd7 {is interesting.} 15. c4 Bh4 16. Nxc5 Nxc5 17. Bxc5 Rd8) 15. N1d2 (15. c4 {looks sharper.} Bh4 16. Nxc5 Bxe1 17. Qxe1 f6 18. Nxe4 dxe4 19. Bc5) 15... Nxd2 16. Qxd2 d4 17. Bf2 Qd8 (17... a5 $5) 18. Rad1 Bg4 19. Rc1 Qd5 20. c3 Rfd8 (20... d3 21. c4 Qd7 22. Nxc5 Bxc5 23. Bxc5 $16) (20... a5 $1 $15 {stays ahead.} 21. h3 (21. cxd4 c4 $17) 21... Be6) 21. cxd4 $16 cxd4 22. Qxd4 Qb5 {[%emt 0:00:40] [#]} ({Black should try} 22... Be6) 23. Qe4 $1 {[%emt 0:04:10] Black must now prevent f5.} Bb4 24. Re3 (24. Qxc6 Qxc6 25. Rxc6 Bxe1 26. Bxe1 Rac8 27. Rxc8 Bxc8 $17) (24. Rxc6 Bxe1 25. Bxe1 Rac8 $17) 24... Rd1+ $2 (24... Bd2 $16 {keeps fighting.}) 25. Rxd1 $18 Bxd1 26. Qd3 (26. e6 $18 {and White stays clearly on top. exf7+ is the strong threat.} f5 27. Qd4 Bxb3 28. Rg3 (28. axb3 Bc5 $15)) 26... Bxb3 (26... Bg4 $16 27. a3 Qxd3 28. Rxd3 Bf5) 27. Qxb5 ({Don't play} 27. axb3 h6 $16) ({Resist} 27. Qxb3 Bd2 $16) 27... cxb5 28. Rxb3 $16 {[%emt 0:00:13][%mdl 4096] Endgame KRB-KRB} Bd2 29. Rxb5 {[%emt 0:00:46][%cal Of2a7] [#] Hoping for Bxa7!} Bxf4 $2 (29... a6 {might work better.} 30. Rc5 Bxf4) 30. Bxa7 $18 h6 $2 (30... Bc1 31. b4 Bd2) 31. Rb8+ Rxb8 32. Bxb8 {[%emt 0:00:05] KB-KB} f6 33. g3 Be3+ 34. Kg2 {[%emt 0:00:54] Strongly threatening b4.} Bd4 35. b4 fxe5 36. a4 {[%emt 0:00:15][%cal Ba2a4,Ba4a5][%mdl 32] Intending a5 and mate.} e4 37. a5 {[%emt 0:00:38] White mates.} Kf7 38. a6 Ke6 39. a7 Bxa7 40. Bxa7 {[%emt 0:00:11] KB-K3P} Kd6 41. Kf2 g5 42. Ke3 Kd5 43. b5 h5 44. b6 h4 45. b7 hxg3 46. b8=Q {[%emt 0:00:30] Weighted Error Value: White=0.16 (very precise) /Black=0.52} 1-0

[Event "44th Chess Olympiad Open 2022"]
[Site "Chennai"]
[Date "2022.08.05"]
[Round "7.70"]
[White "Lesbros Bernard"]
[Black "Fates, Omer Salah"]
[Result "1-0"]
[ECO "E62"]
[WhiteElo "1865"]
[BlackElo "1940"]
[Annotator "TA"]
[PlyCount "43"]
[EventDate "2022.07.29"]
[EventType "team-tourn"]
[EventCountry "IND"]
[SourceTitle "playchess.com"]
[Source "ChessBase"]
[SourceQuality "1"]
[WhiteTeam "Senegal"]
[BlackTeam "Libya"]
[WhiteTeamCountry "SEN"]
[BlackTeamCountry "LBY"]
[TimeControl "40/5400+30:1800+30"]

1. Nf3 Nf6 2. c4 g6 3. g3 Bg7 4. Bg2 d6 5. d4 O-O 6. O-O c6 7. Nc3 Bd7 {[%emt 0:01:10] Recently 7...Bf5 got a lot of attention.} 8. Re1 {[%emt 0:03:17] E62: King's Indian: Fianchetto: 6...c6 and Panno Variation (6...Nc6) without ...a6.} Qc7 {[%emt 0:04:12] [#]} 9. e4 $146 ({Predecessor:} 9. b3 Re8 10. Ba3 Qa5 11. Bb2 Qh5 12. e4 e5 13. Ne2 Nxe4 14. dxe5 dxe5 15. Nh4 Ng5 {1-0 (44) Toren,K (1736)-Yenicirak,G (1636) Konya 2019}) 9... e5 10. b3 {[%emt 0:06:09] White is slightly better.} Re8 11. Bb2 Na6 12. Rc1 Bg4 13. Qd2 (13. d5 {with more complications.} cxd5 14. Nxd5 Nxd5 15. cxd5 Qd7 16. Ba3) 13... Bxf3 (13... Qa5 {is more complex.} 14. d5 cxd5 15. cxd5 Rac8) 14. Bxf3 exd4 15. Qxd4 Nxe4 $2 {[%emt 0:01:23][%mdl 8192] [#]} 16. Qxg7+ $3 $18 Kxg7 17. Nd5+ {[%emt 0:00:07][%mdl 64] Discovered Attack} f6 18. Nxc7 Nxc7 19. Rxe4 ({Don't play} 19. Bxe4 Kf7 20. f4 f5 $18) 19... Ne6 20. h4 {[%emt 0:04:33] White is clearly winning.} Nc5 21. Rxe8 Rxe8 22. Rd1 {[%emt 0:00:33] Prevents Nd3.  Weighted Error Value: White=0.10 (very precise) /Black=0.70} 1-0

[Event "44th Chess Olympiad Open 2022"]
[Site "Chennai"]
[Date "2022.08.05"]
[Round "7.70"]
[White "Badji, Sekou Aransbene"]
[Black "Naser Eldean, Ahmed"]
[Result "0-1"]
[ECO "E61"]
[WhiteElo "1732"]
[BlackElo "1941"]
[Annotator "TA"]
[PlyCount "80"]
[EventDate "2022.07.29"]
[EventType "team-tourn"]
[EventCountry "IND"]
[SourceTitle "playchess.com"]
[Source "ChessBase"]
[SourceQuality "1"]
[WhiteTeam "Senegal"]
[BlackTeam "Libya"]
[WhiteTeamCountry "SEN"]
[BlackTeamCountry "LBY"]
[TimeControl "40/5400+30:1800+30"]

1. d4 Nf6 2. c4 g6 3. Nf3 Bg7 4. Nc3 O-O 5. Bf4 d6 6. e3 Nbd7 7. Be2 a6 {[%emt 0:01:27] 7...b6 gains popularity. E61: King's Indian: Early deviations for White, including Smyslov System.} 8. h3 Qe8 9. O-O e5 {[%emt 0:00:11] White is slightly better.} 10. Bh2 b6 11. Rc1 Bb7 12. d5 {[%emt 0:02:20] [#]} e4 $146 (12... Nc5 $11) ({Predecessor:} 12... Qe7 13. e4 Bh6 14. Ra1 Bc8 15. Bd3 Nh5 16. Bc2 Ng7 17. Re1 Nf6 18. Ba4 Nfe8 {0-1 (53) Kaushika,S (1205)-Dhyana,P (1969) Sharjah 2020}) 13. Nd2 (13. Nd4 $16) 13... a5 14. a3 Qe7 15. Qc2 Rfe8 16. Bg3 h6 17. Nb5 Nc5 18. b4 Na6 19. Rb1 Bc8 20. Bh4 g5 21. Bg3 Bf5 22. Nd4 Bg6 23. Nc6 Qd7 24. bxa5 bxa5 25. Nxa5 (25. Nb3 $14) 25... Nc5 $11 26. Nab3 {[%emt 0:04:46] And now Nxc5 would win.} Nd3 (26... Qa4 $5 ) 27. Bxd3 (27. Nd4 $11) 27... exd3 $17 28. Qa2 {[%emt 0:01:24] [#]} (28. Qc1 $142) 28... Qa4 $1 {[%emt 0:04:38] Black is much more active.} 29. Nd4 (29. Rfd1 $17 {is a better defense.}) 29... Nh5 $19 ({Stronger than} 29... Qxa3 30. Qxa3 Rxa3 31. N4f3 $17) 30. Rfe1 $2 (30. Bh2 Bxd4 31. exd4) 30... Nxg3 31. fxg3 Rxe3 ({Not} 31... Qxa3 $2 32. Qxa3 Rxa3 33. N4f3 $19) 32. Nb5 {[%emt 0:02:00] [#]} (32. N2f3 Ree8 33. Rbc1) 32... Rxe1+ 33. Rxe1 Qc2 34. Qxc2 dxc2 35. Nb3 Bb2 36. Nxc7 Rxa3 {[%emt 0:02:57] Black mates.} 37. Nc1 Ra1 38. Nb5 Rxc1 39. Rxc1 Bxc1 40. Nxd6 Be3+ {[%emt 0:00:00] Weighted Error Value: White=0.55/Black=0.10 (very precise)} 0-1

[Event "44th Chess Olympiad Open 2022"]
[Site "Chennai"]
[Date "2022.08.05"]
[Round "7.71"]
[White "Ortega Amarelle, Mariano"]
[Black "Khan, Taffin"]
[Result "1-0"]
[ECO "E40"]
[WhiteElo "2463"]
[BlackElo "2019"]
[Annotator "TA"]
[PlyCount "102"]
[EventDate "2022.07.29"]
[EventType "team-tourn"]
[EventCountry "IND"]
[SourceTitle "playchess.com"]
[Source "ChessBase"]
[SourceQuality "1"]
[WhiteTeam "CPV"]
[BlackTeam "Guyana"]
[BlackTeamCountry "GUY"]
[TimeControl "40/5400+30:1800+30"]

1. d4 Nf6 2. c4 e6 3. Nc3 Bb4 4. e3 O-O 5. Bd3 d6 6. Nge2 Nc6 7. a3 Bxc3+ 8. Nxc3 e5 9. d5 Ne7 10. O-O Ne8 {[%emt 0:06:36] E40: Nimzo-Indian: Rubinstein (4 e3): Unusual Black 4th moves.} 11. f4 {[%emt 0:05:22] [#]} f5 $146 ({Predecessor:} 11... exf4 12. exf4 Bf5 13. Be2 Bd7 14. Be3 f5 15. Bf3 Nf6 16. Re1 Ng6 17. g3 a6 18. b4 {1-0 (40) Alatortsev,V-Liublinsky,V Moscow 1950}) 12. b4 e4 {[%emt 0:05:54] White is slightly better.} 13. Be2 a5 14. Bb2 axb4 15. axb4 Rxa1 16. Qxa1 Bd7 17. Qa7 b6 18. Ra1 {[%emt 0:09:59][%cal Bf1a1,Ba1a2,Ba2g2][%mdl 32] White is much more active.} Ng6 (18... Nf6 $16 19. h3 h6) 19. g3 (19. c5 $18) 19... Nh8 20. Bd1 Nf7 21. Ra2 h6 22. Ba1 Kh7 23. Rg2 g5 24. Qa2 Rg8 25. Qd2 Qf6 26. Bb2 {[%emt 0:02:53][%cal Oc3e4] Threatens to win with Nxe4!} Qg6 27. Bc2 h5 28. h3 Nh6 29. fxg5 (29. Qe1 $142) 29... Qxg5 $16 30. Qf2 $1 h4 {[%emt 0:02:56] [#]} (30... Qe7 $16) 31. Ne2 ({Don't play} 31. gxh4 $6 Qxg2+ 32. Qxg2 Rxg2+ 33. Kxg2 Nf7 $16) (31. g4 $1 $18 {[%cal Oc3e4] has better winning chances. Black must now prevent Nxe4!} Nf6 32. Ne2) 31... Nf6 (31... hxg3 $16 32. Nxg3 (32. Rxg3 Qh4 $16) 32... Nf6) 32. g4 $18 Nfxg4 33. hxg4 Nxg4 34. Qf4 h3 {[%emt 0:03:03] [#]} (34... Qxf4 $16 {was necessary.} 35. Nxf4 (35. exf4 Ra8 $16) 35... Nxe3 36. Rxg8 Kxg8) 35. Rg3 $1 h2+ (35... Qxf4 $142 36. Nxf4 Nxe3 37. Rxg8 Kxg8) 36. Kh1 Qxf4 (36... Qh6 {is a better defense.} 37. Bc3 Rg6) 37. exf4 (37. Nxf4 $142 Ne5 38. Rxg8 Kxg8 39. Bxe5 dxe5 40. Ng6) 37... Ra8 38. Nc3 {[%emt 0:01:16][%cal Oc3e4] Prevents Ra2. And now Nxe4! would win.} Kg6 39. Bd1 e3 40. Bxg4 fxg4 41. Rxe3 Rh8 42. Ne2 Rh7 43. Ng3 Ba4 $2 (43... Rh3 44. Bc3 Bc8) 44. f5+ Kf7 45. Nf1 Rh5 46. f6 Rf5 47. Nxh2 {[%emt 0:00:00] White is clearly winning.} Rf4 (47... Rf2 $142 48. Bd4 Kf8) 48. Kg2 Rxc4 49. Kg3 Bd1 50. Bc3 {[%emt 0:00:33] White threatens Re7+ and mate.} Kg6 51. Nf1 Kf5 {[%emt 0:02:00] Weighted Error Value: White=0.18 (very precise) /Black=0.36} 1-0

[Event "44th Chess Olympiad Open 2022"]
[Site "Chennai"]
[Date "2022.08.05"]
[Round "7.71"]
[White "Mirulla, David"]
[Black "Neto, Roberto"]
[Result "1-0"]
[ECO "B33"]
[WhiteElo "1953"]
[BlackElo "1663"]
[Annotator "TA"]
[PlyCount "65"]
[EventDate "2022.07.29"]
[EventType "team-tourn"]
[EventCountry "IND"]
[SourceTitle "playchess.com"]
[Source "ChessBase"]
[SourceQuality "1"]
[WhiteTeam "CPV"]
[BlackTeam "Guyana"]
[BlackTeamCountry "GUY"]
[TimeControl "40/5400+30:1800+30"]

1. e4 c5 2. Nf3 Nc6 3. d4 cxd4 4. Nxd4 Nf6 5. Nc3 e5 6. Ndb5 d6 7. a4 a6 8. Na3 Be6 {[%emt 0:10:11] 8...Bg4 is the modern continuation.} 9. Bc4 Bxc4 {[%emt 0:09:12] B33: Sicilian: Pelikan and Sveshnikov Variations.} (9... Be7 $11 {keeps the balance.}) 10. Nxc4 $16 Nxe4 $2 11. Nxe4 $18 d5 {[%emt 0:00:10] White has a decisive advantage.} 12. Bg5 f6 {[%emt 0:05:16] [#]} 13. Bxf6 gxf6 {[%emt 0:02:12] [#]} 14. Qxd5 Qxd5 15. Nxf6+ Kf7 16. Nxd5 {[%emt 0:00:11] [#] Pair of Knights!} Bc5 $146 ({Predecessor:} 16... Rd8 17. Nde3 Ke6 18. O-O Bc5 19. c3 b5 20. axb5 axb5 21. Ra6 Rc8 22. Na5 Kd7 23. Rd1+ Bd6 24. Nf5 {1-0 (24) Nattermueller,I (2118)-Winter,A (2010) Germany 2012}) 17. c3 Raf8 18. Rf1 Rd8 19. O-O-O b5 20. axb5 axb5 21. Nce3 b4 22. Kc2 Rb8 (22... bxc3 {was called for.} 23. bxc3 Rd7) 23. Ra1 b3+ (23... Rhd8 $142 24. c4 (24. Ra6 Rd6 $18) 24... Rg8) 24. Kd3 Rhe8 25. Ra6 e4+ 26. Kc4 (26. Ke2 $18 {is more deadly.} Ne5 27. Nf6) 26... Ne5+ (26... Rec8 $16 27. Kxc5 Nb4+ 28. Kd4 Nxa6) 27. Kxc5 Rec8+ 28. Kd4 Nd3 29. Rf6+ Kg7 30. Ra1 {[%emt 0:01:49] White threatens Ra7+ and mate.} Rf8 31. Ra7+ {[%emt 0:01:43] White mates.} Kh8 32. Rh6 Nxb2 33. Rhxh7+ {[%emt 0:00:09] Black did not feel at home in the position after the opening.  Weighted Error Value: White=0.29 (precise) /Black=0.82} 1-0

[Event "44th Chess Olympiad Open 2022"]
[Site "Chennai"]
[Date "2022.08.05"]
[Round "7.71"]
[White "Nathoo, Loris"]
[Black "Fortes, Aires"]
[Result "1-0"]
[ECO "D00"]
[WhiteElo "1695"]
[BlackElo "1508"]
[Annotator "NA RC COMBH"]
[PlyCount "57"]
[EventDate "2022.07.29"]
[EventType "team-tourn"]
[EventCountry "IND"]
[SourceTitle "playchess.com"]
[Source "ChessBase"]
[SourceQuality "1"]
[WhiteTeam "Guyana"]
[BlackTeam "CPV"]
[WhiteTeamCountry "GUY"]
[TimeControl "40/5400+30:1800+30"]

1. d4 Nf6 2. Bf4 d5 3. e3 e6 4. Nd2 Bd6 5. Bg3 O-O 6. c3 b6 7. Ngf3 Bb7 8. Bh4 Nbd7 9. Bd3 e5 10. dxe5 Bxe5 11. Qc2 h6 12. Bf5 Qe8 13. Nxe5 Qxe5 14. Nf3 Qe8 15. O-O-O g6 16. Bxd7 Nxd7 17. Bg3 Qc8 18. h4 c5 19. h5 g5 20. Qf5 Re8 21. Nxg5 hxg5 22. Qxg5+ Kh8 23. Qh6+ Kg8 24. Rh4 Nf8 25. Qg5+ Kh7 26. Rg4 Ne6 27. Qf5+ Kh6 28. Bf4+ Nxf4 29. Qg5+ 1-0

[Event "44th Chess Olympiad Open 2022"]
[Site "Chennai"]
[Date "2022.08.05"]
[Round "7.71"]
[White "Lee, Ethan"]
[Black "Rodriguez Guevara, Celia M."]
[Result "1/2-1/2"]
[ECO "D00"]
[WhiteElo "1629"]
[BlackElo "1859"]
[Annotator "NA COMBH"]
[PlyCount "128"]
[EventDate "2022.07.29"]
[EventType "team-tourn"]
[EventCountry "IND"]
[SourceTitle "playchess.com"]
[Source "ChessBase"]
[SourceQuality "1"]
[WhiteTeam "SGP"]
[BlackTeam "CPV"]
[TimeControl "40/5400+30:1800+30"]

1. d4 d5 2. Bf4 Nf6 3. Nc3 Bf5 4. e3 c5 5. Nb5 Na6 6. c3 e6 7. Nf3 Be7 8. h3 O-O 9. Be2 Ne8 10. Ne5 Nac7 11. g4 Be4 12. f3 Bh4+ 13. Kd2 Bg6 14. Nxg6 hxg6 15. dxc5 Nxb5 16. Bxb5 Rc8 17. b4 b6 18. Ba6 bxc5 19. Bxc8 Qxc8 20. bxc5 Qxc5 21. Qb3 Nd6 22. Bxd6 Qxd6 23. Rab1 Qg3 24. Qd1 Rc8 25. Qe2 Qc7 26. Rhc1 Qa5 27. Rc2 e5 28. Qb5 Qc7 29. Qb7 Qc5 30. Rb5 Qc4 31. Rxd5 Bf6 32. Qb5 Qc7 33. Rd7 Rd8 34. Rxd8+ Qxd8+ 35. Ke2 Qc7 36. c4 e4 37. Qe8+ Kh7 38. Qxe4 Qh2+ 39. Kd3 Qg1 40. c5 Qf1+ 41. Kd2 Qf2+ 42. Kd1 Qf1+ 43. Kd2 Qf2+ 44. Kd3 Qf1+ 45. Re2 Qd1+ 46. Rd2 Qb1+ 47. Ke2 Qb5+ 48. Qd3 Qxc5 49. Qd5 Qb4 50. g5 Bc3 51. Rc2 Ba1 52. Qc4 Qb8 53. f4 Qb7 54. Qc6 Qb4 55. Rc1 Qa3 56. Qc2 Bb2 57. Rb1 Bc3 58. Rb3 Qa6+ 59. Kf2 Ba5 60. Rb8 Qe6 61. Qa4 Bb6 62. Rxb6 axb6 63. Qd4 Qxa2+ 64. Kg3 Qb1 1/2-1/2